AoeStats
← Evan Mason

Black Forest

507454961Analyzed
4v4 RM · 15d ago on Sep 18, 2026· 53m 41s· 8 players
Game mode
Random Map
Map size
Large (8 player)
Population
200
Speed
Normal
Resources
Standard
Victory
Conquest
Starting age
Dark Age
Ending age
Imperial Age
RankedLock teamsTeams togetherTeam positionsShared explorationLock speedFull tech treeHidden civsTurbo modeCheats
Victory
Defeat
🇺🇿 Persians · Uzbekistan
844
+13
🇬🇧 Vietnamese · United Kingdom
750
+17
657
+20
🇫🇷 Armenians · France
654
+21
🇨🇳 Spanish · China
836
-21
🇳🇿 Britons · New Zealand
804
-19
🇦🇺 Celts · Australia
794
-19
🇨🇳 Bohemians · China
619
-12
GEvans7
0:36 Loom
13:09 Feudal Age
14:22 Double-Bit Axe
14:32 Gold Mining
14:26 Horse Collar
16:09 Stone Mining
20:55 Castle Age
19:53 Scale Barding Armor
20:00 Forging
22:19 Heavy Plow
22:57 Stone Shaft Mining
22:36 Bow Saw
23:58 Wheelbarrow
25:50 Fishing Lines
27:24 Hand Cart
26:56 Town Watch
27:39 Fletching
28:58 Caravan
34:53 Imperial Age
32:38 Chatras
33:29 Iron Casting
33:15 Chain Barding Armor
32:57 Padded Archer Armor
32:53 Bodkin Arrow
33:32 Thumb Ring
34:32 Ballistics
34:09 Murder Holes
33:56 Treadmill Crane
34:06 Heated Shot
36:54 Two-Man Saw
36:29 Crop Rotation
36:38 Plate Barding Armor
36:20 Leather Archer Armor
37:08 Chemistry
35:54 Arrowslits
36:25 Husbandry
36:36 Bloodlines
37:17 Paper Money
37:34 Elite Battle Elephant
39:12 Bracer
39:43 Ring Archer Armor
39:23 Siege Engineers
39:33 Elite Rattan Archer
40:26 Gillnets
42:14 Elite Skirmisher
43:27 Scale Mail Armor
43:56 Bombard Tower
44:53 Imperial Skirmisher
☯︎ PΔTΔS DΞ STΞΞL ☯
0:42 Loom
14:54 Feudal Age
16:18 Wheelbarrow
15:31 Double-Bit Axe
15:27 Horse Collar
15:40 Gold Mining
15:45 Stone Mining
21:00 Castle Age
20:08 Forging
20:03 Scale Barding Armor
20:24 Scale Barding Armor
22:06 Caravan
23:07 Gold Shaft Mining
22:47 Bow Saw
24:17 Heavy Plow
26:24 Hand Cart
26:58 Husbandry
29:18 Bloodlines
30:41 Iron Casting
34:33 Imperial Age
32:09 Marauders
33:25 Fervor
33:45 Chain Barding Armor
36:27 Blast Furnace
36:03 Plate Barding Armor
35:54 Atheism
35:55 Conscription
34:56 Elite Tarkan
36:48 Ballistics
37:28 Chemistry
36:24 Murder Holes
36:41 Masonry
36:07 Cavalier
38:30 Two-Man Saw
40:51 Paladin
Rob1
13:47 Feudal Age
14:20 Horse Collar
14:29 Double-Bit Axe
16:22 Gold Mining
25:05 Castle Age
22:28 Pikeman
24:22 Scale Mail Armor
25:17 Padded Archer Armor
25:07 Fletching
26:56 Stone Mining
27:17 Bow Saw
30:08 Chain Mail Armor
35:39 Heavy Plow
47:53 Imperial Age
54:18 Plate Mail Armor
53:44 Bodkin Arrow
54:05 Leather Archer Armor
53:39 Loom
54:29 Wheelbarrow
53:40 Town Watch
Darth Vader
9:59 Feudal Age
14:28 Horse Collar
14:37 Double-Bit Axe
21:25 Castle Age
23:12 Bow Saw
23:27 Heavy Plow
24:20 Wheelbarrow
25:06 Gold Mining
25:07 Stone Mining
26:02 Herbal Medicine
26:57 Gold Shaft Mining
26:58 Stone Shaft Mining
27:35 Hand Cart
27:42 Town Watch
34:41 Imperial Age
32:16 Town Patrol
33:13 Squires
32:59 Gambesons
33:17 Husbandry
33:27 Bloodlines
33:36 Forging
34:03 Caravan
36:07 Two-Man Saw
35:53 Crop Rotation
38:18 Conscription
39:33 Elite War Elephant
41:13 Scale Barding Armor
41:44 Iron Casting
41:02 Fletching
40:39 Crossbowman
42:18 Kamandaran
42:46 Thumb Ring
43:07 Ballistics
42:50 Murder Holes
46:37 Citadels
47:40 Chemistry
50:24 Blast Furnace
49:44 Chain Barding Armor
49:21 Bodkin Arrow
53:27 Plate Barding Armor
52:53 Padded Archer Armor
bmacedo1987
9:38 Loom
12:18 Feudal Age
17:55 Castle Age
17:13 Double-Bit Axe
17:12 Horse Collar
19:48 Fishing Lines
24:46 Wheelbarrow
25:18 Gillnets
25:53 Padded Archer Armor
27:40 Caravan
28:41 Leather Archer Armor
28:17 Fletching
28:36 Gold Mining
29:44 Bow Saw
31:54 Gold Shaft Mining
34:04 Imperial Age
32:04 Yeomen
32:59 Bodkin Arrow
34:34 Murder Holes
35:00 Ballistics
34:46 Bracer
35:17 Ring Archer Armor
36:46 Chemistry
36:17 Elite Longbowman
37:19 Conscription
36:23 Elite Longbowman
观月
0:36 Loom
Pro
1:31 Loom
13:11 Feudal Age
17:47 Castle Age
16:49 Double-Bit Axe
20:34 Horse Collar
22:03 Bow Saw
28:19 Wheelbarrow
27:57 Gold Mining
28:00 Stone Mining
27:59 Town Watch
29:53 Hand Cart
30:20 Gold Shaft Mining
30:25 Stone Shaft Mining
35:14 Imperial Age
34:30 Scale Mail Armor
35:00 Pikeman
35:43 Treadmill Crane
36:34 Ballistics
36:44 Conscription
36:36 Furor Celtica
35:51 Onager
37:01 Siege Onager
39:54 Halberdier
49:23 Town Patrol
Evan Mason
11:51 Feudal Age
12:42 Horse Collar
20:25 Castle Age
19:43 Double-Bit Axe
22:08 Wheelbarrow
21:59 Heavy Plow
23:59 Bow Saw
27:43 Hand Cart
31:10 Town Watch
34:43 Imperial Age
35:12 Town Patrol
40:44 Chemistry
40:05 Ballistics
41:55 Houfnice
43:59 Two-Man Saw
Connection lost

Rejoining the realm…

Still unreachable

The connection could not be restored.

Session expired

The server has moved on; the page needs a fresh start.